 Dungeon Crawl Stone Soup version 0.29-a0-323-g050149af67 (webtiles) character file.

Game seed: 16067765453089252428

24 experimilk the Cudgeller (level 2, 0/25 HPs)
             Began as a Palentonga Fighter on Apr 11, 2022.
             Succumbed to a kobold's poison
             ... on level 1 of the Dungeon.
             The game lasted 00:01:22 (675 turns).

experimilk the Cudgeller (Palentonga Fighter)        Turns: 675, Time: 00:01:22

Health: 0/25       AC:  6    Str: 19    XL:     2   Next: 79%
Magic:  2/2        EV:  7    Int:  8    God:
Gold:   8          SH:  4    Dex:  9    Spells: 1/1 levels left

rFire   . . .      SeeInvis +   a - +0 flail
rCold   . . .      Faith    .   c - +0 buckler
rNeg    . . .      Spirit   .   b - +0 scale mail
rPois   .          Reflect  .   (no helmet)
rElec   .          Harm     .   (no cloak)
rCorr   .          Rampage  .   (no gloves)
Will    .....                   (no barding)
Stlth   ..........              (no amulet)
HPRegen 0.08/turn               (no ring)
MPRegen 0.08/turn               (no ring)

@: lethally poisoned (0 -> -5)
A: large, rugged brown scales 3, see invisible, deformed body, roll 1, armoured
tail
a: Rolling Charge


You were on level 1 of the Dungeon.
You visited 1 branch of the dungeon, and saw 1 of its levels.

You collected 8 gold pieces.

Inventory:

Hand Weapons
 a - a +0 flail (weapon)
Missiles
 e - a poisoned dart (quivered)
Armour
 b - a +0 scale mail (worn)
 c - a +0 buckler (worn)
Scrolls
 f - a scroll of enchant weapon {unknown}
 g - a scroll of immolation {unknown}
Potions
 d - a potion of might


   Skills:
 - Level 3.0 Fighting
 + Level 3.4 Maces & Flails
 - Level 2.4 Armour
 - Level 2.4 Shields


You had one spell level left.
You didn't know any spells.
Your spell library contained the following spells:

 Spells                   Type           Power      Damage    Failure   Level
 Magic Dart               Conj           0%         1d3       86%         1
 Searing Ray              Conj           0%         2d4       94%         2
 Call Canine Familiar     Summ           0%         N/A       99%         3
 Portal Projectile        Hex/Tloc       0%         N/A       99%         3
 Fulminant Prism          Conj/Hex       0%         3d6       100%        4
 Leda's Liquefaction      Hex/Erth       0%         N/A       100%        4


Dungeon Overview and Level Annotations

Branches:
Dungeon (1/15)

Altars:


Innate Abilities, Weirdness & Mutations

You are completely covered in rugged brown scales. (AC +3, +7% HP)
You have supernaturally acute eyesight. (SInv)
Armour fits poorly on your strangely shaped body.
You can roll at nearby foes to attack.
You have a long armoured tail.


Message History

The hobgoblin hits you.
You closely miss the kobold.
The hobgoblin hits you but does no damage.
The kobold barely misses you.
You hit the kobold but do no damage.
Your tail-slap misses the kobold.
The kobold barely misses you. The hobgoblin barely misses you.
You miss the kobold.
Your tail-slap misses the kobold.
The hobgoblin hits you. The kobold barely misses you.
The kobold hits you but does no damage.
You are poisoned.
The hobgoblin hits you but does no damage.
You barely miss the kobold.
Your tail-slap misses the kobold.
You feel very sick. The hobgoblin barely misses you.
The kobold hits you but does no damage.
You are more poisoned.
You closely miss the kobold.
You feel very sick.
The ball python bites you but does no damage.
The hobgoblin hits you but does no damage.
The kobold hits you with a +2 short sword of venom.
The ball python bites you but does no damage.
You thump the kobold!
You kill the kobold!
* * * LOW HITPOINT WARNING * * *
You feel very sick. The hobgoblin barely misses you.
The ball python bites you but does no damage.
Unknown command.
Okay, then.
You hit the ball python.
You kill the ball python!
* * * LOW HITPOINT WARNING * * *
You feel sick. You block the hobgoblin's attack.
The hobgoblin attacks as you move away!
The hobgoblin hits you but does no damage.
* * * LOW HITPOINT WARNING * * *
You feel sick.
Unknown command.
You thump the hobgoblin!
You kill the hobgoblin!
You die...

### ..######## ###
#.#......#####
#.#..$#.#.##.......#
.......@#.##.#.###.#
#......).....#.# #.#
........#.####.###.##
........#.# #.##...#
....#####.. ..#....#
.### #### ###....#
#.#### #.# #.#


There were no monsters in sight!

Vanquished Creatures
  2 ball pythons (D:1)
  A giant cockroach (D:1)
  A goblin (D:1)
  6 hobgoblins (D:1)
  2 jackals (D:1)
  3 kobolds (D:1)
  A quokka (D:1)
  3 bats (D:1)
  A frilled lizard (D:1)
  2 rats (D:1)
22 creatures vanquished.

Notes
Turn   | Place    | Note
-------+----------+-------------------------------------------
     0 | D:1      | experimilk the Palentonga Fighter began the quest for the
                  | Orb.
     0 | D:1      | Reached XP level 1. HP: 19/19 MP: 1/1
    97 | D:1      | Found a faded altar of an unknown god.
   171 | D:1      | Reached XP level 2. HP: 11/25 MP: 2/2
   674 | D:1      | HP: 1/25 [poisoned by a kobold]
   675 | D:1      | Succumbed to a kobold's poison

Illustrated notes

Levels and vault maps discovered:
D:1:      dpeg_arrival_arbitrary_b, layout_loops_cross,
          ebering_ecumenical_altar_webs

Skill      XL: |  1  2 |
---------------+-------+-----
Maces & Flails | 3 |  3.4
Fighting       | |  3.0
Armour         | |  2.4
Shields        | |  2.4

Action                   || total
-------------------------++-------
Melee: Flail             ||    53
       Tailslap          ||     1
Throw: Dart              ||     6
 Abil: Rolling Charge    ||     9
Armor: Scale mail        ||    30
Dodge: Dodged            ||    20
Block: Buckler           ||    16

Table legend: (Time is in decaauts)
 A = Elapsed time spent in this place.
 B = Non-inter-level travel time spent in this place.
 C = Inter-level travel time spent in this place.
 D = Time resting spent in this place.
 E = Time spent auto-exploring this place.
 F = Levels seen in this place.
 G = Mean time per level.
                   A        B        C        D        E       F      G
               +--------+--------+--------+--------+--------+-----+--------+
         Total |    690 |    690 |      0 |    297 |    224 |   1 |  690.0 |
       Dungeon |    690 |    690 |      0 |    297 |    224 |   1 |  690.0 |
               +--------+--------+--------+--------+--------+-----+--------+

Top non-repeatable levels by time:
     D:1: 690 daAuts
